 Dungeon Crawl Stone Soup version 0.19.1-1-g22dce08 (webtiles) character file.

51 RedPan the Cudgeler (level 3, -4/29 HPs)
             Began as a Demonspawn Berserker on Dec 28, 2016.
             Was a Believer of Trog.
             Slain by a worm (10 damage)
             ... on level 2 of the Dungeon.
             The game lasted 00:02:27 (1435 turns).

RedPan the Cudgeler (Demonspawn Berserker)          Turns: 1435, Time: 00:02:27

Health: -4/29      AC:  2    Str: 18    XL:     3   Next: 57%
Magic:  3/3        EV: 12    Int:  8    God:    Trog [**....]
Gold:   30         SH:  0    Dex: 12    Spells: 0 memorised, 2 levels left

rFire  . . .     SeeInvis .     a - +0 mace
rCold  . . .     Gourm    .     p - +0 robe
rNeg   . . .     Faith    .     (no shield)
rPois  .         Spirit   .     (no helmet)
rElec  .         Reflect  .     (no cloak)
rCorr  .         Harm     .     (no gloves)
MR     ++...                    (no boots)
Stlth  +.........               (no amulet)
                                (no ring)
                                (no ring)

@: lethally poisoned (-4 -> -4), regenerating
A: claws 1, talons 1
a: Berserk, Trog's Hand, Burn Spellbooks, Renounce Religion


You were on level 2 of the Dungeon.
You worshipped Trog.
Trog was pleased with you.
You were not hungry.

You visited 1 branch of the dungeon, and saw 2 of its levels.

You collected 30 gold pieces.

Inventory:

Hand Weapons
 a - a +0 mace (weapon)
Armour
 p - a +0 robe (worn)
Jewellery
 h - an uncursed ring of ice
Scrolls
 d - 2 scrolls of fog {unknown}
 g - a scroll of recharging {unknown}
 j - 3 scrolls of enchant armour {unknown}
 l - a scroll of fear {unknown}
Potions
 e - a potion of curing {unknown}
 i - a potion of invisibility {unknown}
 m - a potion of agility {unknown}
 n - a potion of mutation {unknown}
Comestibles
 c - 2 bread rations
 f - a slice of pizza
 k - a chunk of flesh
 o - a beef jerky


   Skills:
 - Level 3.0 Fighting
 + Level 4.2 Maces & Flails
 - Level 1.7 Armour
 - Level 1.7 Dodging


You had 2 spell levels left.
You didn't know any spells.

Dungeon Overview and Level Annotations

Branches:
Dungeon (2/15)

Altars:


Innate Abilities, Weirdness & Mutations

You have sharp fingernails.
You have sharp toenails.


Message History

Trog accepts your kill.
You feel sick.
You hit the goblin. Your kick misses the goblin.
The goblin is severely wounded.
You feel the effects of Trog's Hand fading.
You feel sick. The goblin closely misses you.
You closely miss the goblin. You claw the goblin.
You kill the goblin!
Trog accepts your kill.
You hit the worm. You claw the worm, but do no damage.
The worm is lightly wounded.
You feel sick. The worm bites you!
* * * LOW HITPOINT WARNING * * *
You hit the worm.
The worm is moderately wounded.
You feel sick.
You barely miss the worm.
The worm is moderately wounded.
You feel sick. The worm bites you!
You die...

.........# ##....#.......
....... ##.#..#.#.#...
.g.... ..........#...
#####..S# ###.##......##..
.......w+ #...........#...
........# #.#.........#...
........# #...........#...
###.....###.....#+#'#.....
#.##..w@'.....#...#.#.## #
#+####.......[รท#.#.#.
#####.....#.#.##
#....>#.#... #...###.#...
##### #..... ###.## ...#
...###


You could see a worm.

Vanquished Creatures
  An adder (D:2)
  A worm (D:2)
  A dart slug (D:1)
  A ball python (D:1)
  6 bats
  4 giant cockroaches
  8 goblins
  A hobgoblin (D:2)
  2 jackals (D:1)
  2 quokkas (D:2)
  3 frilled lizards
  A kobold (D:1)
  3 rats
34 creatures vanquished.

Notes
Turn   | Place    | Note
-------+----------+-------------------------------------------
     0 | D:1      | RedPan the Demonspawn Berserker began the quest for the Orb.
     0 | D:1      | Reached XP level 1. HP: 18/18 MP: 1/1
    33 | D:1      | Reached skill level 3 in Maces & Flails
   202 | D:1      | Gained mutation: You have sharp fingernails. [demonic ancestry]
   202 | D:1      | Reached XP level 2. HP: 12/24 MP: 2/2
   918 | D:1      | Gained mutation: You have sharp toenails. [demonic ancestry]
   918 | D:1      | Reached XP level 3. HP: 23/29 MP: 3/3
  1199 | D:2      | Reached ** piety under Trog
  1317 | D:2      | Reached skill level 4 in Maces & Flails
  1435 | D:2      | Slain by a worm

Skill      XL: |  1  2  3 |
---------------+----------+-----
Maces & Flails | 3 4 |  4.2
Fighting       | |  3.0
Armour         | |  1.7
Dodging        | |  1.7

Action                   || total
-------------------------++-------
Melee: Mace              ||   120
       Kick              ||    11
Invok: Berserk           ||     1
       Trog's Hand       ||     1
  Eat: Chunk             ||     3
Armor: Animal skin       ||    19
       Robe              ||     3
Dodge: Dodged            ||    90
